 Dungeon Crawl Stone Soup version 0.32-a0-450-g080537f31e (webtiles) character file.

Game seed: 12569867975569963062

5248 javelincjr the Fighter (level 10, -8/94 HPs)
             Began as a Mountain Dwarf Monk on Feb 23, 2024.
             Was a Believer of Beogh.
             Mangled by a gargoyle
             ... wielding a +0 flail
              (19 damage)
             ... on level 8 of the Dungeon.
             The game lasted 00:33:41 (6763 turns).

javelincjr the Fighter (Mountain Dwarf Monk)        Turns: 6763, Time: 00:33:42

Health: -8/94      AC: 11    Str: 19    XL:     10   Next: 36%
Magic:  12/12      EV: 14    Int: 10    God:    Beogh [**....]
Gold:   349        SH:  0    Dex: 12    Spells: 9/9 levels left

rFire   + . .        P - +3 trident (drain)
rCold   . . .        d - orb {light}
rNeg    . . .        G - +2 robe {rF+}
rPois   .            B - +0 helmet
rElec   .            (no cloak)
rCorr   .            (no gloves)
SInv    .            l - +0 pair of boots
Will    +....        (no amulet)
Stlth   +            x - +4 ring of protection
HPRegen 0.35/turn    (no ring)
MPRegen 0.13/turn

%: no passive effects
@: glowing
A: runic magic, artefact enchanting
a: Renounce Religion, Smiting


You were on level 8 of the Dungeon.
You worshipped Beogh.
Beogh was pleased with you.
You visited 2 branches of the dungeon, and saw 9 of its levels.

You collected 433 gold pieces.
You spent 84 gold pieces at shops.

Inventory:

Hand Weapons
 a - a +0 whip of draining
 b - a +0 sling
 e - a +2 dagger of chaos
 h - a +0 war axe
 m - a +0 mace of holy wrath
 n - a +2 whip of freezing
 s - the +3 Elemental Staff {ele, rElec rF+ rC+ AC+3}
   (You took it off a deep elf pyromancer on level 8 of the Dungeon)

   AC+3:      It affects your AC (+3).
   rF+:       It protects you from fire.
   rC+:       It protects you from cold.
   rElec:     It insulates you from electricity.
 P - a +3 trident of draining (weapon)
Missiles
 c - 3 throwing nets
 r - 3 silver javelins (quivered)
 C - 5 boomerangs
 D - 35 poisoned darts
Armour
 d - an orb of light (worn)
 f - a +0 robe of resistance
 l - a +0 pair of boots (worn)
 o - a +0 scale mail
 B - a +0 helmet (worn)
 G - a +2 robe of fire resistance (worn)
 Q - an orb of energy
 S - a +0 chain mail
Jewellery
 x - a +4 ring of protection (left hand)
 R - an amulet of faith
Talismans
 E - a serpent talisman
Wands
 g - a wand of polymorph (6)
 k - a wand of digging (5)
 L - a wand of mindburst (15)
 O - a wand of iceblast (4)
Scrolls
 j - 4 scrolls of silence
 q - 3 scrolls of fear
 u - a scroll of blinking {unknown}
 v - a scroll of fog
 w - 2 scrolls of vulnerability
 y - a scroll of amnesia {unknown}
 J - a scroll of torment {unknown}
 K - a scroll of poison {unknown}
 M - a scroll of noise {unknown}
 N - a scroll of identify {unknown}
Potions
 i - 2 potions of heal wounds {unknown}
 p - a potion of brilliance {unknown}
 t - 2 potions of lignification {unknown}
 z - 3 potions of enlightenment {unknown}
 A - a potion of might {unknown}
 F - 3 potions of curing {unknown}
 H - a potion of magic {unknown}
 I - a potion of cancellation {unknown}


   Skills:
 * Level 10.7 Fighting
 - Level 7.8(8.2) Axes
 + Level 3.0(5.1) Polearms
 + Level 7.1 Armour
 + Level 5.5 Dodging
 + Level 3.9 Invocations
 + Level 3.2 Evocations


You had 9 spell levels left.
You didn't know any spells.
Your spell library contained the following spells:

 Spells                   Type           Power      Damage    Failure   Level
 Slow                     Hex            0%         N/A       36%         1
 Ensorcelled Hibernation  Hex/Ice        0%         N/A       50%         2
 Confusing Touch          Hex            0%         N/A       75%         3
 Frozen Ramparts          Ice            0%         1d1       75%         3
 Fugue of the Fallen      Necr           0%         N/A       75%         3
 Sigil of Binding         Hex            0%         N/A       75%         3
 Vampiric Draining        Necr           0%         2d6       75%         3
 Anguish                  Hex/Necr       0%         N/A       98%         4
 Leda's Liquefaction      Alch/Erth      0%         N/A       98%         4
 Petrify                  Alch/Erth      0%         N/A       98%         4
 Metabolic Englaciation   Hex/Ice        0%         N/A       100%        5


Dungeon Overview and Level Annotations

Branches:
Dungeon (8/15)             Temple (1/1) D:5            Lair (0/5) D:8

Altars:
Ashenzari
Dithmenos
Elyvilon
Fedhas
Gozag
Hepliaklqana
Makhleb
Nemelex Xobeh
Okawaru
Qazlal
Ru
Sif Muna
Trog
Xom
Zin
The Shining One

Shops:
D:4 [?*[(


Innate Abilities, Weirdness & Mutations

Your facial features look somewhat orcish.
Your spellcasting is much less encumbered by armour.
You can use scrolls of enchantment on lesser artefacts.


Message History

Beogh accepts your kill.
Your base Polearms skill increases to level 3!
Throw: 6 javelins (silver)
Press: ? - help, Q - select action, (/) - cycle Shift-Dir - straight line, f - gargoyle
Aim: a gargoyle, wielding a +0 flail (lightly damaged, haloed, 93% to hit)
You throw a silver javelin.
The silver javelin pierces through the gargoyle.
The gargoyle is moderately damaged.
Throw: 5 javelins (silver)
Press: ? - help, Q - select action, (/) - cycle Shift-Dir - straight line, f/p - gargoyle
Aim: a gargoyle, wielding a +0 flail (moderately damaged, haloed, 93% to hit)
You throw a silver javelin.
The silver javelin hits the gargoyle and shatters, but does no damage.
The gargoyle is moderately damaged.
Throw: 4 javelins (silver)
Press: ? - help, Q - select action, (/) - cycle Shift-Dir - straight line, f/p - gargoyle
Aim: a gargoyle, wielding a +0 flail (moderately damaged, haloed, 93% to hit)
You throw a silver javelin.
The silver javelin pierces through the gargoyle but does no damage.
The gargoyle is moderately damaged.
The gargoyle hurls a stone arrow at you.
The stone arrow misses you.
The gargoyle hurls a stone arrow at you.
The stone arrow hits you!
The tengu conjurer hits you but does no damage.
The tengu conjurer closely misses you.
The tengu conjurer claws you but does no damage.
You see here a rime drake corpse.
You hit the gargoyle.
The gargoyle is moderately damaged.
The gargoyle hits you with a +0 flail!
The gargoyle hurls a stone arrow at you.
The stone arrow hits you!!
The tengu conjurer gestures at you while chanting.
The bolt of lightning hits you!!
* * * LOW HITPOINT WARNING * * *
As you read the scroll of fear, it crumbles to dust.
You assume a fearsome visage.
The tengu conjurer looks frightened!
The gargoyle is unaffected. x2; The gargoyle hits you with a +0 flail!!
You die...

## ## ###### #≈####
#≈≈≈### #######≈≈☼≈≈# ###
###...####≈≈≈####>###
....>'#..##≈##..#'..##
....##.†..###..9@##..##
...##.....###(...Q##..##
#####....##.##...9###..##
.##.##..#'...+#..##.##..##
##...####.....####...##..#
#..§..##.......##..§..##.#
##...####.....####...##..#
.##.# #+[..'#..##.##..##
.#### ##.##....###..##


You could see a tengu conjurer (fleeing) and 2 gargoyles.

Vanquished Creatures
  A deep elf pyromancer (D:8)
  Joseph (D:8)
  Jeremiah (D:7)
  An unseen horror (D:6)
  3 rime drakes (D:8)
  Psyche (D:8)
  Prince Ribbit (D:7)
  Grinder (D:6)
  A yak (D:8)
  A wyvern (D:8)
  A basilisk (D:8)
  Menkaure (D:7)
  A water moccasin (D:5)
  Duvessa (D:6)
  2 sky beasts
  An orc warrior (D:8)
  An ice beast (D:5)
  3 black bears
  3 ogres
  A centaur (D:8)
  3 kobold brigands
  A scorpion (D:7)
  Dowan (D:6)
  2 jellies (D:5)
  A hound (D:6)
  A gnoll bouda (D:5)
  An orc priest (D:7)
  Terence (D:2)
  4 iguanas
  3 orc wizards
  18 gnolls
  6 adders
  A shadow imp (D:8)
  A white imp (D:6)
  2 ufetubi (D:5)
  3 dart slugs
  4 orcs
  6 endoplasms
  3 goblins
  5 hobgoblins
  4 jackals (D:5)
  17 kobolds
  7 quokkas
  3 ball pythons
  6 bats
  2 frilled lizards (D:1)
  5 rats
138 creatures vanquished.

Vanquished Creatures (others)
  2 orcs
  A kobold (D:8)
3 creatures vanquished.

Grand Total: 141 creatures vanquished

Notes
Turn   | Place    | Note
-------+----------+-------------------------------------------
     0 | D:1      | javelincjr the Mountain Dwarf Monk began the quest for the
                  | Orb.
     0 | D:1      | Reached XP level 1. HP: 19/19 MP: 1/1
   228 | D:1      | Reached XP level 2. HP: 26/26 MP: 2/2
   572 | D:2      | Reached skill level 1 in Armour
   756 | D:2      | Reached XP level 3. HP: 23/33 MP: 3/3
   760 | D:2      | Reached skill level 4 in Fighting
   925 | D:2      | Noticed Terence
   940 | D:2      | Killed Terence
   941 | D:2      | Reached XP level 4. HP: 28/41 MP: 4/4
  1640 | D:3      | You fall into a shaft and drop 1 floor!
  1653 | D:4      | Reached XP level 5. HP: 47/47 MP: 5/5
  1663 | D:4      | Reached skill level 5 in Fighting
  1668 | D:4      | Found Beisurph's Assorted Antiques.
  1684 | D:4      | Found Imel's Armour Shop.
  1694 | D:4      | Bought a sedimented brown potion for 28 gold pieces
  1694 | D:4      | Bought a purple potion for 28 gold pieces
  1694 | D:4      | Bought a ruby potion for 28 gold pieces
  1816 | D:4      | Found Fymavimn's Weapon Emporium.
  1992 | D:4      | Found Faso's Magic Scroll Shop.
  2020 | D:4      | Found Noaris's Armour Shop.
  2302 | D:5      | Entered Level 5 of the Dungeon
  2641 | D:5      | Noticed a sky beast
  2657 | D:5      | Killed a sky beast
  2658 | D:5      | Reached skill level 5 in Axes
  2658 | D:5      | Reached XP level 6. HP: 51/56 MP: 6/6
  2896 | D:5      | Noticed a water moccasin
  2916 | D:5      | Reached skill level 6 in Fighting
  2916 | D:5      | Reached XP level 7. HP: 63/63 MP: 7/7
  3148 | D:5      | Found a staircase to the Ecumenical Temple.
  3165 | Temple   | Entered the Ecumenical Temple
  3343 | D:6      | Noticed Duvessa
  3343 | D:6      | Noticed Dowan
  3344 | D:6      | Noticed an unseen horror
  3410 | D:6      | Killed Duvessa
  3411 | D:6      | Reached skill level 7 in Fighting
  3420 | D:6      | Killed Dowan
  3586 | D:6      | Reached XP level 8. HP: 60/73 MP: 8/8
  4010 | D:6      | Killed an unseen horror
  4011 | D:6      | Reached skill level 8 in Fighting
  4011 | D:6      | Reached skill level 5 in Armour
  4116 | D:6      | Noticed Grinder
  4139 | D:6      | Killed Grinder
  4848 | D:7      | Noticed Menkaure
  4855 | D:7      | Killed Menkaure
  4856 | D:7      | Reached XP level 9. HP: 81/82 MP: 9/9
  4859 | D:7      | Became a worshipper of Beogh the Shepherd
  4859 | D:7      | Reached * piety under Beogh
  4859 | D:7      | Reached ** piety under Beogh
  5105 | D:7      | Reached skill level 9 in Fighting
  5166 | D:7      | Noticed Prince Ribbit
  5180 | D:7      | Killed Prince Ribbit
  5371 | D:7      | Noticed Jeremiah
  5435 | D:7      | Killed Jeremiah
  5696 | D:8      | Noticed Joseph
  5753 | D:8      | Reached skill level 5 in Dodging
  5753 | D:8      | Reached skill level 1 in Invocations
  5875 | D:8      | Found a staircase to the Lair.
  5883 | D:8      | Reached skill level 1 in Polearms
  5883 | D:8      | Reached skill level 1 in Evocations
  5908 | D:8      | Reached skill level 10 in Fighting
  6154 | D:8      | Noticed Psyche
  6163 | D:8      | Killed Psyche
  6246 | D:8      | Killed Joseph
  6247 | D:8      | Reached XP level 10. HP: 31/94 MP: 12/12
  6496 | D:8      | Found a burning altar of Makhleb.
  6691 | D:8      | Noticed a deep elf pyromancer
  6699 | D:8      | Killed a deep elf pyromancer
  6719 | D:8      | Noticed a gargoyle
  6720 | D:8      | Noticed a gargoyle
  6763 | D:8      | Mangled by a gargoyle

Illustrated notes

Levels and vault maps discovered:
D:1:      amcnicky_arrival_gap_in_the_tavern_cellar, layout_rooms
D:2:      layout_loops_corners, hex_medium, minmay_crystal_room,
          minmay_distorted, uniq_terence
D:3:      layout_loops_corners, ebering_ecumenical_altar_sacrificial,
          minmay_fractal_squares_gapless_5, uniq_ijyb, uniq_crazy_yiuf_cottage
D:4:      layout_basic, serial_shops, nicolae_shop_trees, nicolae_shop_trees,
          shop, shop, shop
D:5:      layout_basic, minmay_temple_entry_offerings, minmay_increasing_density
D:6:      layout_cave_pods, kennysheep_generic_room_2, uniq_duvessa,
          uniq_grinder
D:7:      layout_basic, minmay_misc_feat_enclosed, uniq_menkaure,
          uniq_prince_ribbit1, uniq_jeremiah
D:8:      layout_rooms, overflow_temple_1_default, david_lair_generic,
          solitary_fountain, dilly_guarded_unrand_elemental_staff, uniq_psyche,
          uniq_joseph
Temple:   hellmonk_temple_of_storms

Skill      XL: |  1  2  3  4  5  6  7  8  9 10 |
---------------+-------------------------------+-----
Armour         | 1 2 3 4 5 6 7 |  7.1
Axes           | 4 5 6 7 |  7.8
Fighting       | 4 5 6 7 8 10 | 10.7
Dodging        | 3 4 5 |  5.5
Invocations    | 3 |  3.9
Polearms       | 2 3 |  3.0
Evocations     | 2 3 |  3.2

Action                     |  1- 3 |  4- 6 |  7- 9 | 10-12 || total
---------------------------+-------+-------+-------+-------++-------
  Melee: Hand axe          |    35 |       |       |       ||    35
         Whip              |    47 |   157 |   271 |       ||   475
         Trident           |       |       |    45 |    26 ||    71
  Throw: Javelin           |       |    11 |    19 |     3 ||    33
         Dart              |       |       |    13 |     2 ||    15
 Invoke: Convert to Beogh  |       |       |     1 |       ||     1
  Evoke: Wand              |       |       |     1 |     1 ||     2
    Use: Scroll            |       |     3 |     3 |     1 ||     7
         Potion            |       |     1 |       |       ||     1
 Armour: Leather armour    |    33 |   112 |    46 |       ||   191
         Robe              |     5 |       |   200 |    26 ||   231
  Dodge: Dodged            |    57 |   161 |   195 |    19 ||   432

Table legend: (Time is in decaauts)
 A = Elapsed time spent in this place.
 B = Non-inter-level travel time spent in this place.
 C = Inter-level travel time spent in this place.
 D = Time resting spent in this place.
 E = Time spent auto-exploring this place.
 F = Levels seen in this place.
 G = Mean time per level.
                   A        B        C        D        E       F      G
               +--------+--------+--------+--------+--------+-----+--------+
         Total |   6750 |   6506 |    244 |    538 |   4536 |   9 |  750.0 |
       Dungeon |   6709 |   6504 |    205 |    538 |   4536 |   8 |  838.6 |
        Temple |     40 |      1 |     39 |      0 |      0 |   1 |   40.0 |
               +--------+--------+--------+--------+--------+-----+--------+

Top non-repeatable levels by time:
     D:6: 1406 daAuts
     D:2: 1075 daAuts
     D:8: 1039 daAuts
     D:5: 1012 daAuts
     D:7: 946 daAuts
     D:4: 661 daAuts
     D:1: 547 daAuts
  Temple: 40 daAuts
     D:3: 20 daAuts
